 Dungeon Crawl Stone Soup version 0.21.1-1-g345015f (webtiles) character file.

115 lotte the Magician (level 4, 0/24 HPs)
             Began as a Deep Elf Wizard on July 1, 2018.
             Blown up by Ijyb (3 damage)
             ... with a wand of disintegration (12)
             ... on level 3 of the Dungeon.
             The game lasted 00:15:30 (3550 turns).

lotte the Magician (Deep Elf Wizard)                Turns: 3550, Time: 00:15:31

Health: 0/24       AC:  6    Str:  4    XL:     4   Next: 68%
Magic:  5/14       EV: 13    Int: 24    God:
Gold:   131        SH:  0    Dex: 13    Spells: 11/15 levels left

rFire    + . .     SeeInvis +   l - +0 club
rCold    . . .     Gourm    +   (no shield)
rNeg     . . .     Faith    .   i - +1 robe {rF+}
rPois    .         Spirit   .   b - +0 hat
rElec    .         Reflect  .   (no cloak)
rCorr    .         Harm     .   (no gloves)
MR       .....                  h - +0 pair of boots
Stlth    ++........             t - amulet of the gourmand
HPRegen  0.08/turn              f - ring of see invisible
MPRegen  0.14/turn              o - +2 ring of protection

@: no status effects
A: no striking features
a: no special abilities


You were on level 3 of the Dungeon.
You were completely stuffed.

You visited 1 branch of the dungeon, and saw 3 of its levels.

You collected 131 gold pieces.

Inventory:

Hand Weapons
 l - a +0 club (weapon)
 m - a +0 short sword
Armour
 a - a +0 robe
 b - a +0 hat (worn)
 h - a +0 pair of boots (worn)
 i - a +1 robe of fire resistance (worn)
 n - a cursed -2 ring mail
Jewellery
 f - a ring of see invisible (left hand)
 o - a +2 ring of protection (right hand)
 t - an amulet of the gourmand (around neck)
Scrolls
 e - 2 scrolls of amnesia {unknown}
 g - a scroll of blinking {unknown}
 q - 3 scrolls of identify {unknown}
 r - 2 scrolls of remove curse {unknown}
 s - 2 scrolls of fog {unknown}
Potions
 j - a potion of cancellation {unknown}
 k - a potion of curing {unknown}
 p - a potion of flight {unknown}
Books
 c - a book of Minor Magic

   Spells                             Type                      Level
   a - Magic Dart                     Conjuration                  1
   b - Blink                          Translocation                2
   c - Call Imp                       Summoning                    2
   d - Slow                           Hexes                        2
   e - Conjure Flame                  Conjuration/Fire             3
   f - Mephitic Cloud                 Conjuration/Poison/Air       3
Comestibles
 d - 11 rations


   Skills:
 - Level 2.5 Dodging
 - Level 2.4 Stealth
 * Level 6.1 Spellcasting
 * Level 3.1 Conjurations
   Level 1.1 Summonings
   Level 1.1 Translocations
 + Level 1.2 Fire Magic


You had 11 spell levels left.
You knew the following spells:

 Your Spells              Type           Power        Failure   Level  Hunger
a - Magic Dart            Conj           ###.         2%          1    None
b - Conjure Flame         Conj/Fire      ###.....     10%         3    #......


Dungeon Overview and Level Annotations

Branches:
Dungeon (3/15)

Altars:
Kikubaaqudgha
Ru

Annotations:
D:3 Ijyb


Message History

Confirm with . or Enter, or press ? or * to list all spells.
Aiming: Magic Dart
Press: ? - help, Shift-Dir - straight line, f/p - jackal
Aim: a jackal (heavily wounded)
The magic dart hits the jackal.
You kill the jackal!
Casting: Magic Dart
Confirm with . or Enter, or press ? or * to list all spells.
Aiming: Conjure Flame
Press: ? - help, Dir - move target cursor The fire ignites!
Ijyb zaps a wand.
You are blasted!
It is a wand of disintegration (14).
Ijyb zaps a wand.
You barely resist. Ijyb screams, "I cut your head off!"
Ijyb zaps a wand.
You are blasted!
Ouch! That really hurt!
* * * LOW HITPOINT WARNING * * *
Ijyb screams, "I dance on your bones!"
Ijyb zaps a wand.
You are blasted!
You die...

#...##....#..........
#.#..'....'..........
#.#..#....#..........
..#..#....#..........
...#..#......g........
.....#..#...#.#######'##
.....#..#...#.# #.#
+#..........#..#g..#.###
#†#
............'.@........+
...
#.#..........#..#.#.##.##
... #.#..........#..#.#.#
.# .....
#.#..8.......#..#<#.# .#
.....
#.#.8_8......#..###.##
##....
#....8.......#.........
#.........#.........###
#...................#
#.........#.........#


You could see Ijyb.

Vanquished Creatures
  4 adders
  4 worms
  2 leopard geckos
  3 giant cockroaches (D:2)
  7 hobgoblins
  6 jackals (D:3)
  9 kobolds
  A quokka (D:2)
  A ball python (D:3)
  6 bats
  5 frilled lizards (D:1)
  10 goblins
  8 rats
66 creatures vanquished.

Notes
Turn   | Place    | Note
-------+----------+-------------------------------------------
     0 | D:1      | lotte the Deep Elf Wizard began the quest for the Orb.
     0 | D:1      | Reached XP level 1. HP: 10/10 MP: 7/7
   185 | D:1      | Reached skill level 5 in Spellcasting
   293 | D:1      | Reached XP level 2. HP: 15/15 MP: 7/10
  1200 | D:2      | Reached XP level 3. HP: 14/19 MP: 6/12
  1205 | D:2      | Learned a level 3 spell: Conjure Flame
  2053 | D:2      | Found an ancient bone altar of Kikubaaqudgha.
  2201 | D:2      | Reached XP level 4. HP: 24/24 MP: 0/13
  2548 | D:2      | Reached skill level 1 in Fire Magic
  2658 | D:2      | Found a sacrificial altar of Ru.
  2944 | D:2      | Reached skill level 6 in Spellcasting
  3459 | D:3      | Found a faded altar of an unknown god.
  3530 | D:3      | Noticed Ijyb
  3550 | D:3      | Blown up by Ijyb

Skill      XL: |  1  2  3  4 |
---------------+-------------+-----
Spellcasting   | 5 6 |  6.1
Conjurations   | 2 3 |  3.1
Fire Magic     | 1 |  1.2
Dodging        | |  2.5
Stealth        | |  2.4
Summonings     | |  1.1
Translocations | |  1.1

Action                   |  1- 3 |  4- 6 || total
-------------------------+-------+-------++-------
 Cast: Magic Dart        |   106 |    54 ||   160
       Conjure Flame     |     4 |     3 ||     7
  Eat: Chunk             |     4 |    13 ||    17
Armor: Robe              |     1 |     3 ||     4
Dodge: Dodged            |     6 |     4 ||    10
